 Dungeon Crawl Stone Soup version 0.27.1-34-g3ba077fa99 (webtiles) character file.

Game seed: 11671155238928848460

2700 hawla the Firebug (level 9, -21/106 HPs)
             Began as a Red Draconian Conjurer on Jan 19, 2022.
             Demolished by an orc knight (25 damage)
             ... in a bailey.
             The game lasted 00:31:06 (10287 turns).

hawla the Firebug (Red Draconian Conjurer)         Turns: 10287, Time: 00:31:07

Health: -21/106    AC: 24    Str:  9 (10) XL:     9   Next: 38%
Magic:  3/16       EV:  2    Int: 19 (21) God:
Gold:   205        SH:  0    Dex:  9 (12) Spells: 2/18 levels left

rFire    . . .     SeeInvis .     - Unarmed
rCold    + . .     Faith    .   (no shield)
rNeg     + + +     Spirit   .   (armour unavailable)
rPois    +         Reflect  .   (helmet currently unavailable)
rElec    .         Harm     .   (cloak currently unavailable)
rCorr    .         Rampage  .   (gloves currently unavailable)
Will     .....     NoTele   +   (boots currently unavailable)
Stlth    +++.......             k - amulet of the acrobat
HPRegen  0.27/turn              g - ring of protection from cold
MPRegen  0.15/turn              o - ring of flight

@: tree-form, very slightly contaminated, invisible
A: stationary, stasis, torment immunity, boosted hp, (breathe fire), AC +7,
unfitting armour, (fire resistance 1), (cold-blooded), (hooves 1), thin skeletal
structure 1
a: no special abilities


You were in a bailey.
You were a tree.
You visited 2 branches of the dungeon, and saw 8 of its levels.
You also visited: Bailey.

You collected 205 gold pieces.

Inventory:

Missiles
 e - 7 boomerangs
 h - 7 poisoned darts (quivered)
 p - 2 curare-tipped darts
 s - 3 javelins
Armour
 j - a +2 cloak (melded)
Magical Staves
 q - a staff of cold
Jewellery
 g - a ring of protection from cold (left branch)
 k - an amulet of the acrobat (around neck)
 o - a ring of flight (right branch)
Wands
 n - a wand of iceblast (7)
Scrolls
 d - 2 scrolls of amnesia
Potions
 a - 2 potions of brilliance
 c - a potion of cancellation
 i - a potion of curing
 r - a potion of invisibility
 u - 3 potions of degeneration
 w - a potion of ambrosia {unknown}


   Skills:
 - Level 4.0 Fighting
 - Level 3.0 Throwing
 - Level 2.0 Dodging
 - Level 2.0 Stealth
 + Level 4.0 Unarmed Combat
 - Level 5.0 Spellcasting
 * Level 6.2 Conjurations
 + Level 3.2 Necromancy
 - Level 4.0 Translocations
 + Level 6.8 Fire Magic
 - Level 2.0 Evocations


You had 2 spell levels left.
You knew the following spells:

 Your Spells              Type           Power      Damage    Failure   Level
a - Magic Dart            Conj           100%       1d8       1%          1
b - Searing Ray           Conj           56%        3d5       1%          2
c - Iskenderun's Mystic   Conj/Tloc      24%        2d7       16%         4
d - Vampiric Draining     Necr           8%         2d7       10%         3
e - Starburst             Conj/Fire      14%        6d6       78%         6

Your spell library contained the following spells:

 Spells                   Type           Power      Damage    Failure   Level
 Animate Skeleton         Necr           34%        N/A       3%          1
 Pain                     Necr           68%        1d7       3%          1
 Dazzling Flash           Conj/Hex       32%        N/A       11%         3
 Fulminant Prism          Conj/Hex       8%         3d7       34%         4
 Ozocubu's Armour         Ice            4%         N/A       36%         3
 Ozocubu's Refrigeration  Ice            2%         4d5       100%        7


Dungeon Overview and Level Annotations

Branches:
Dungeon (7/15)             Temple (1/1) D:6          Bailey (1/1)

Altars:
Cheibriados
Dithmenos
Fedhas
Gozag
Hepliaklqana
Kikubaaqudgha
Makhleb
Nemelex Xobeh
Okawaru
Qazlal
Ru
Sif Muna
Trog
Wu Jian
Xom
Yredelemnul
Zin
The Shining One

Shops:
D:1 (

Annotations:
D:6 Eustachio
D:7 Maggie


Innate Abilities, Weirdness & Mutations

You are a tree.
Your roots penetrate the ground, keeping you stationary.
You cannot be teleported.
You are immune to unholy pain and torment.
Your maximum health is greatly increased.
Your equipment is partially melded.
((You can breathe blasts of fire.))
((Your fiery red scales are hard. (AC +7)))
You cannot fit into any form of body armour.
((Your flesh is heat resistant. (rF+)))
((You are cold-blooded and may be slowed by cold attacks.))
((You have large cloven feet.))
You have a somewhat thin skeletal structure. (Dex +2, Stealth+)


Message History

You are very lightly contaminated with residual magic.
You hit the orc knight but do no damage.
The orc hits you but does no damage.
You smack the gnoll!
The gnoll is almost dead.
The orc knight roars a battlecry!
The orc knight goes into a battle-frenzy!
The orc knight hits you but does no damage.
The gnoll hits you but does no damage. The orc hits you but does no damage.
You catch the helpless gnoll completely off-guard!
You smack the gnoll!
You kill the gnoll!
The orc knight hits you with a +0 war axe!!
The orc hits you but does no damage.
You smack the orc knight!
The orc knight is moderately wounded.
The orc knight completely misses you.
The orc knight hits you with a +0 war axe!!
* * * LOW HITPOINT WARNING * * *
It was a potion of heal wounds.
You feel much better.
The orc no longer looks unusually strong.
The orc knight hits you with a +0 war axe.
The orc knight hits you with a +0 war axe!!
* * * LOW HITPOINT WARNING * * *
The orc warrior hits you with a +0 war axe!
* * * LOW HITPOINT WARNING * * *
You feel better.
The orc no longer looks unusually strong.
The orc hits you but does no damage.
The orc knight hits you with a +0 war axe!
* * * LOW HITPOINT WARNING * * *
The orc knight hits you but does no damage.
The orc warrior hits you with a +0 war axe.
* * * LOW HITPOINT WARNING * * *
It was a potion of degeneration.
There was something very wrong with that liquid.
You feel weakened.
You feel dopey.
You feel clumsy. The orc hits you but does no damage. x2
The orc knight hits you with a +0 war axe!!
You die...

## ###§#+#
###§§§§.###
##!.§§§§...##
#!!.o♣o§...8#
#!..ooo....8#
#∩..§§§.....+
#!..§.§....8#
#!!..o.....8#
##?...)....###
###.o.))###.###
#
###.#'#.....###
###
##.........###..


You could see 2 orc knights, an orc warrior (strong) and 2 orcs.

Vanquished Creatures
  Pikel (D:6)
  Prince Ribbit (D:5)
  Sigmund (D:2)
  A wyvern (D:7)
  An orc warrior (Bailey)
  2 ogres
  2 ice beasts
  A necrophage (D:5)
  A centaur (D:7)
  A lemure (Temple)
  3 scorpions (D:6)
  2 water moccasin skeletons
  2 centaur zombies (D:6)
  A bullfrog zombie (D:5)
  An orc priest (D:7)
  4 hounds
  3 jellies
  Crazy Yiuf (D:3)
  2 bullfrog skeletons (D:6)
  A centaur skeleton (D:5)
  3 iguanas
  Natasha (D:2)
  7 adders
  8 gnolls
  A howler monkey skeleton (D:6)
  A shadow imp (D:5)
  2 white imps
  4 dart slugs
  12 orcs
  4 ball pythons
  12 endoplasms
  4 giant cockroaches
  29 goblins
  12 hobgoblins
  4 jackals (D:1)
  8 kobolds
  3 quokkas
  3 bats
  5 frilled lizards
  4 rats
159 creatures vanquished.

Vanquished Creatures (others)
  2 orc wizards (D:7)
2 creatures vanquished.

Grand Total: 161 creatures vanquished

Notes
Turn   | Place    | Note
-------+----------+-------------------------------------------
     0 | D:1      | hawla the Draconian Conjurer began the quest for the Orb.
     0 | D:1      | Reached XP level 1. HP: 14/14 MP: 3/3
   482 | D:1      | Found Jagaiff's Weapon Boutique.
   639 | D:1      | Reached XP level 2. HP: 22/22 MP: 1/5
   642 | D:1      | Learned a level 2 spell: Searing Ray
  1013 | D:1      | Reached skill level 1 in Fighting
  1387 | D:1      | Reached skill level 1 in Translocations
  1611 | D:1      | Reached XP level 3. HP: 23/28 MP: 0/6
  2491 | D:2      | Noticed Natasha
  2500 | D:2      | Gained mutation: You have large cloven feet. [potion of
                  | mutation]
  2500 | D:2      | Gained mutation: You have a somewhat thin skeletal
                  | structure. (Dex +2, Stealth+) [potion of mutation]
  2505 | D:2      | Killed Natasha
  2506 | D:2      | Reached XP level 4. HP: 19/36 MP: 0/8
  2511 | D:2      | Learned a level 4 spell: Iskenderun's Mystic Blast
  2695 | D:2      | Noticed Sigmund
  2813 | D:2      | Killed Sigmund
  2814 | D:2      | Reached XP level 5. HP: 34/41 MP: 1/10
  3360 | D:3      | Found a basalt altar of Yredelemnul.
  3504 | D:3      | Reached XP level 6. HP: 48/48 MP: 9/12
  3598 | D:3      | Found an opulent altar of Gozag.
  3599 | D:3      | Found an opulent altar of Gozag.
  3602 | D:3      | Found an opulent altar of Gozag.
  3605 | D:3      | Found an opulent altar of Gozag.
  4031 | D:3      | Found a sparkling altar of Nemelex Xobeh.
  4033 | D:3      | Found a shimmering altar of Xom.
  4099 | D:3      | Found a runed translucent door.
  4100 | D:3      | Noticed Crazy Yiuf
  4296 | D:3      | Killed Crazy Yiuf
  4297 | D:3      | Reached skill level 1 in Unarmed Combat
  4791 | D:4      | Learned a level 3 spell: Vampiric Draining
  5880 | D:5      | Entered Level 5 of the Dungeon
  5886 | D:5      | Reached skill level 1 in Throwing
  5962 | D:5      | Your scales start taking on a fiery red colour.
  5962 | D:5      | Reached XP level 7. HP: 56/56 MP: 4/13
  5962 | D:5      | Gained mutation: Your flesh is heat resistant. (rF+) [Red
                  | Draconian growth]
  6160 | D:5      | Reached skill level 1 in Necromancy
  6363 | D:5      | Found a glowing silver altar of Zin.
  6366 | D:5      | Noticed Prince Ribbit
  6384 | D:5      | Killed Prince Ribbit
  6703 | D:5      | Reached skill level 5 in Conjurations
  6726 | D:5      | Reached XP level 8. HP: 63/63 MP: 2/14
  6958 | D:5      | Reached skill level 1 in Fire Magic
  7743 | D:6      | Identified the +0 leather armour of the Thistle {Dex+2}
  7792 | D:6      | Noticed Eustachio
  8697 | D:6      | Found a staircase to the Ecumenical Temple.
  8708 | Temple   | Entered the Ecumenical Temple
  9073 | D:6      | Noticed Pikel
  9362 | D:6      | Killed Pikel
  9363 | D:6      | Reached skill level 5 in Spellcasting
  9363 | D:6      | Reached skill level 5 in Fire Magic
  9363 | D:6      | Reached XP level 9. HP: 71/71 MP: 11/16
  9659 | D:7      | Noticed Maggie
  9743 | D:7      | Found a flagged portal.
  9793 | D:7      | Learned a level 6 spell: Starburst
  9814 | Bailey   | Entered a bailey
 10267 | Bailey   | Noticed an orc knight
 10272 | Bailey   | Noticed an orc knight
 10286 | Bailey   | HP: 3/106 [orc warrior (3)]
 10287 | Bailey   | Demolished by an orc knight

Illustrated notes

Levels and vault maps discovered:
D:1:      heliophobic_arrival_battle_scene, layout_loops_corners, serial_shops,
          nicolae_shop_crystal, patterned_corridor
D:2:      layout_basic, uniq_natasha, uniq_sigmund
D:3:      layout_basic, nicolae_gozag_conspicuous_consumption,
          grunt_temple_overflow_open, uniq_crazy_yiuf_cottage
D:4:      layout_basic, nrook_loot_triangle
D:5:      layout_rooms, mainiacjoe_overflow_tiny_flanked,
          chequers_serial_rivers_small_a, uniq_prince_ribbit1
D:6:      minmay_inner_zag, layout_loops_corners,
          minmay_temple_entry_drinking_statues, minmay_misc_feat_roman,
          uniq_pikel, uniq_eustachio
D:7:      lemuel_ice_statue, layout_gridville, enter_bailey_3,
          corexii_item_surrounded_by_moat, chequers_serial_rivers_micro_d,
          uniq_maggie
Temple:   oiseaux_autumnal_temple
Bailey:   bailey_axe_minmay_hex_keep, bailey

Skill      XL: |  1  2  3  4  5  6  7  8  9 |
---------------+----------------------------+-----
Stealth        | 2 |  2.0
Dodging        | 2 |  2.0
Fighting       | 1 2 3 4 |  4.0
Translocations | 1 2 3 4 |  4.0
Spellcasting   | 3 4 5 |  5.0
Unarmed Combat | 2 3 4 |  4.0
Throwing       | 1 2 3 |  3.0
Necromancy     | 3 |  3.2
Conjurations   | 5 6 |  6.2
Fire Magic     | 5 6 |  6.8
Evocations     | 2 |  2.0

Action                   |  1- 3 |  4- 6 |  7- 9 || total
-------------------------+-------+-------+-------++-------
Melee: Unarmed           |    29 |    63 |    76 ||   168
       Tailslap          |     1 |     8 |     6 ||    15
       Kick              |     1 |    12 |    16 ||    29
       Punch             |       |       |     3 ||     3
 Cast: Magic Dart        |    23 |    13 |    36 ||    72
       Searing Ray       |    23 |    37 |    51 ||   111
       Iskenderun's Myst |       |     7 |    12 ||    19
       Vampiric Draining |       |       |     3 ||     3
 Abil: Breathe Fire      |       |       |     2 ||     2
Evoke: Wand              |       |       |     2 ||     2
  Use: Scroll            |     2 |     1 |    12 ||    15
       Potion            |     2 |       |     7 ||     9
 Stab: Sleeping          |       |     5 |       ||     5
       Invisible         |       |       |     1 ||     1
Armor: Skin              |    14 |    18 |    62 ||    94
Dodge: Dodged            |    31 |    55 |   127 ||   213
